 Dungeon Crawl Stone Soup version 0.27-b1-23-g44b8eac545 (webtiles) character file.

Game seed: 7758099421959630925

182 ZARRMARR the Poker (level 5, -1/43 HPs)
             Began as a Merfolk Berserker on July 27, 2021.
             Was a Believer of Trog.
             Succumbed to an orc's poison
             ... on level 3 of the Dungeon.
             The game lasted 00:22:35 (3630 turns).

ZARRMARR the Poker (Merfolk Berserker)              Turns: 3630, Time: 00:22:36

Health: -1/43      AC:  2    Str: 18    XL:     5   Next: 61%
Magic:  5/5        EV: 13    Int:  6    God:    Trog [**....]
Gold:   63         SH:  0    Dex: 14    Spells: 4/4 levels left

rFire    . . .     SeeInvis .   a - +1 spear
rCold    . . .     Faith    .   (no shield)
rNeg     + . .     Spirit   .   b - +0 animal skin
rPois    .         Reflect  .   (no helmet)
rElec    .         Harm     .   (no cloak)
rCorr    .         Rampage  .   (no gloves)
Will     .....                  (no boots)
Stlth    +.........             d - amulet of the acrobat
HPRegen  0.14/turn              l - ring of positive energy
MPRegen  0.09/turn              (no ring)

@: confused, lethally poisoned (-1 -> -18)
A: (nimble swimmer 2), mertail
a: Renounce Religion, Berserk, Trog's Hand


You were on level 3 of the Dungeon.
You worshipped Trog.
Trog was pleased with you.
You visited 1 branch of the dungeon, and saw 3 of its levels.

You collected 63 gold pieces.

Inventory:

Hand Weapons
 a - a +1 spear (weapon)
 k - a +0 fustibalus
Missiles
 g - 12 poisoned darts (quivered)
Armour
 b - a +0 animal skin (worn)
Jewellery
 d - an amulet of the acrobat (around neck)
 l - a ring of positive energy (left hand)
Scrolls
 i - a scroll of noise
Potions
 c - 2 potions of curing {unknown}
 e - a potion of cancellation {unknown}
 f - a potion of degeneration {unknown}
 h - 2 potions of attraction {unknown}


   Skills:
 + Level 4.3 Fighting
 + Level 6.2 Polearms
 + Level 1.8 Throwing
 + Level 1.5 Armour
 + Level 3.9 Dodging
 + Level 1.0 Stealth


You had 4 spell levels left.
You didn't know any spells.
Your spell library contained the following spells:

 Spells                   Type           Power      Damage    Failure   Level
 Foxfire                  Conj/Fire      0%         2x1d4     45%         1
 Conjure Flame            Conj/Fire      0%         6-21      83%         3
 Inner Flame              Hex/Fire       0%         N/A       83%         3
 Hailstorm                Conj/Ice       0%         3d3       99%         4
 Ice Form                 Ice/Tmut       0%         N/A       99%         4
 Simulacrum               Ice/Necr       0%         N/A       100%        6


Dungeon Overview and Level Annotations

Branches:
Dungeon (3/15)

Altars:


Innate Abilities, Weirdness & Mutations

((You are quick and stealthy near water. (Stealth+, EV+, Speed+++)))
Your lower body shifts to a powerful aquatic tail in water.


Message History

The orc wizard gestures at you while chanting.
You are confused.
Non-targeted confused throw: 12 darts (poison)
Press: ? - help, Q - select action, (/) - cycle Dir - look around, f - activate
Okay, then.
Unknown command.
You are too confused!
The kobold hits you with a +0 whip. The orc wizard completely misses you.
The orc hits you with a +4 hand axe of venom.
You are poisoned.
Okay, then.
You bump into the rock wall.
You feel very sick. The kobold hits you but does no damage.
The orc wizard barely misses you.
The orc hits you with a +4 hand axe of venom.
You hit the orc.
The orc is moderately wounded.
You feel sick. The kobold hits you with a +0 whip.
You hit the kobold but do no damage.
You feel sick. The orc wizard closely misses you.
The orc hits you with a +4 hand axe of venom!
You are lethally poisoned!
The dart slug bites you.
You puncture the orc!
You kill the orc!
Trog accepts your kill.
You feel less confused.
* * * LOW HITPOINT WARNING * * *
You feel very sick.
An adder comes into view.
The kobold hits you with a +0 whip.
* * * LOW HITPOINT WARNING * * *
The orc wizard closely misses you.
* * * LOW HITPOINT WARNING * * *
You feel very sick.
The orc wizard gestures at you while chanting.
You are confused.
You see here a +4 hand axe of venom.
You barely miss the orc wizard.
You die...

.####..##..######
#...........#
...###..####.#
###. #..###
#.###....#
#......#.#
#####..#.#
####o.#.#
#..@Kw#.#
#.###.#.# ..
#.... ## #....#
#....# .......
........ S......


You could see an orc wizard, a dart slug and a kobold.

Vanquished Creatures
  Terence (D:2)
  An orc wizard (D:3)
  5 adders (D:2)
  A gnoll (D:1)
  2 dart slugs (D:1)
  6 orcs (D:3)
  5 endoplasms
  2 giant cockroaches (D:3)
  5 goblins
  4 hobgoblins
  6 jackals
  2 quokkas (D:2)
  5 ball pythons
  6 bats (D:1)
  7 frilled lizards
  2 kobolds (D:1)
  5 rats
65 creatures vanquished.

Vanquished Creatures (others)
  2 fungi (D:2)
2 creatures vanquished.

Grand Total: 67 creatures vanquished

Notes
Turn   | Place    | Note
-------+----------+-------------------------------------------
     0 | D:1      | ZARRMARR the Merfolk Berserker began the quest for the Orb.
     0 | D:1      | Reached XP level 1. HP: 18/18 MP: 1/1
    44 | D:1      | Reached XP level 2. HP: 23/24 MP: 2/2
   179 | D:1      | Reached skill level 5 in Polearms
   465 | D:1      | Reached ** piety under Trog
   466 | D:1      | Reached XP level 3. HP: 29/30 MP: 3/3
  1468 | D:2      | Noticed Terence
  1476 | D:2      | Killed Terence
  1477 | D:2      | Reached XP level 4. HP: 19/37 MP: 4/4
  1712 | D:2      | Found a faded altar of an unknown god.
  1818 | D:2      | Reached skill level 1 in Throwing
  2310 | D:2      | Reached XP level 5. HP: 42/42 MP: 5/5
  2697 | D:2      | Reached skill level 6 in Polearms
  3248 | D:3      | Reached skill level 1 in Stealth
  3629 | D:3      | HP: 1/43 [poisoned by an orc]
  3630 | D:3      | Succumbed to an orc's poison

Illustrated notes

Levels and vault maps discovered:
D:1:      minmay_arrival_semitransparent, layout_loops_ring, serial_bayou_pond_b
D:2:      layout_loops_corners, shapermc_ecumenical_altar_ellora,
          minmay_misc_feat_plants, palyth_stone_intersect, uniq_terence
D:3:      layout_loops_ring

Skill      XL: |  1  2  3  4  5 |
---------------+----------------+-----
Polearms       | 5 6 |  6.2
Dodging        | 3 |  3.9
Fighting       | 4 |  4.3
Throwing       | 1 |  1.8
Stealth        | 1 |  1.0
Armour         | |  1.5

Action                   |  1- 3 |  4- 6 || total
-------------------------+-------+-------++-------
Melee: Spear             |   118 |    88 ||   206
Throw: Boomerang         |     6 |       ||     6
       Stone             |    10 |       ||    10
       Dart              |     4 |    34 ||    38
Invok: Berserk           |     3 |     4 ||     7
  Use: Scroll            |     2 |       ||     2
 Stab: Distracted        |       |     1 ||     1
Armor: Animal skin       |    11 |     7 ||    18
Dodge: Dodged            |    79 |    45 ||   124
